 Dungeon Crawl Stone Soup version 0.23-a0-61-g4bf3f6c (webtiles) character file.

2786 tilp the Spear-Bearer (level 9, -1/65 HPs)
             Began as a Merfolk Ice Elementalist on Aug 9, 2018.
             Was a Follower of Makhleb.
             Slain by Joseph
             ... wielding a +0 quarterstaff
              (17 damage)
             ... on level 8 of the Dungeon.
             The game lasted 00:27:43 (8574 turns).

tilp the Spear-Bearer (Merfolk Ice Elementalist)    Turns: 8574, Time: 00:27:44

Health: -1/65      AC:  7    Str:  9    XL:     9   Next: 70%
Magic:  11/14      EV: 15    Int: 17    God:    Makhleb [*.....]
Gold:   481        SH:  0    Dex: 14    Spells: 9/15 levels left

rFire    . . .     SeeInvis .   L - +2 spear (pierce)
rCold    . . .     Gourm    .   (no shield)
rNeg     . . .     Faith    .   o - +0 robe (curse)
rPois    .         Spirit   .   A - +2 helmet
rElec    .         Reflect  .   y - +0 cloak
rCorr    .         Harm     .   G - +0 pair of gloves
MR       .....                  (no boots)
Stlth    +++.......             (no amulet)
HPRegen  0.20/turn              d - ring of stealth
MPRegen  0.14/turn              (no ring)

@: very slightly contaminated, invisible
A: change form in water, swift swim, stealthy swim
a: Renounce Religion


You were on level 8 of the Dungeon.
You worshipped Makhleb.
Makhleb was aware of your devotion.
You were not hungry.

You visited 2 branches of the dungeon, and saw 9 of its levels.

You collected 481 gold pieces.

Inventory:

Hand Weapons
 e - a +4 spear
 x - a +1 trident
 L - a +2 spear of piercing (weapon)
Missiles
 p - 55 poisoned needles
 u - 5 tomahawks (quivered)
 K - 2 throwing nets
Armour
 k - a +2 helmet
 o - a cursed +0 robe (worn)
 y - a +0 cloak (worn)
 A - a +2 helmet (worn)
 G - a +0 pair of gloves (worn)
 I - a +1 chain mail of fire resistance
Jewellery
 d - a ring of stealth (left hand)
 g - a cursed ring of teleportation {unknown}
 t - an uncursed amulet of faith
Wands
 r - a wand of iceblast (16)
Scrolls
 b - a scroll of immolation
 f - a scroll of magic mapping {unknown}
 l - 2 scrolls of enchant weapon
 n - 2 scrolls of identify {unknown}
 s - a scroll of blinking {unknown}
 w - 4 scrolls of amnesia
 z - 3 scrolls of teleportation
 B - a scroll of random uselessness {unknown}
 H - a scroll of fog
Potions
 h - a potion of agility {unknown}
 i - 2 potions of degeneration {unknown}
 j - 2 potions of mutation {unknown}
 m - 4 potions of curing
 v - a potion of ambrosia {unknown}
 C - 2 potions of brilliance {unknown}
 D - a potion of resistance {unknown}
 J - a potion of haste {unknown}
Miscellaneous
 F - a box of beasts
Comestibles
 c - 12 rations


   Skills:
 - Level 4.0 Fighting
 * Level 12.9 Polearms
 - Level 6.0 Dodging
 - Level 2.1 Stealth
 + Level 3.5 Spellcasting
 - Level 2.0 Conjurations
 + Level 3.2 Charms
 - Level 6.0 Ice Magic


You had 9 spell levels left.
You knew the following spells:

 Your Spells              Type           Power        Failure   Level  Hunger
a - Freeze                Ice            ###.         1%          1    None
b - Throw Frost           Conj/Ice       ###...       4%          2    ##.....
c - Ozocubu's Armour      Chrm/Ice       ###.....     8%          3    ###....

Your spell library contained the following spells:

 Spells                   Type           Power        Failure   Level  Hunger
 Summon Ice Beast         Ice/Summ       ##......     43%         4    ####...
 Throw Icicle             Conj/Ice       ###.....     32%         4    ####...


Dungeon Overview and Level Annotations

Branches:
Dungeon (8/15)             Temple (1/1) D:5
   Lair: D:8-11

Altars:
Cheibriados
Dithmenos
Fedhas
Gozag
Hepliaklqana
Makhleb
Okawaru
Qazlal
Ru
Trog
Uskayaw
Wu Jian
Xom

Annotations:
D:3 Ijyb, Sigmund
D:4 Duvessa
D:5 4 runed doors
D:7 Harold
D:8 exclusion: hydra, Joseph, Psyche


Message History

Joseph is lightly wounded.
Unknown command.
You puncture Joseph!
Joseph is moderately wounded.
Joseph drinks a potion.
Joseph flickers and vanishes!
Deactivating autopickup; reactivate with Ctrl-A.
You hit something. You hit something but do no damage. Something hits you.
* * * LOW HITPOINT WARNING * * *
You miss something.
You feel better. Something hits you but does no damage.
You fade into invisibility!
Something hits you.
* * * LOW HITPOINT WARNING * * *
You are very lightly contaminated with residual magic.
You hit something but do no damage. Something hits you but does no damage.
You hit something.
Your icy armour cracks and falls away as you move.
Something hits you!
You die...

.#.#######.##################....
.#.#.......#.......[......# ##...
.#.#.#####.#.############.# #...
.#.#.#####.#.#......<...#.####...
.#.#.##......................+...
.#.#.##....#.#..........#.####...
.#.#.##....#.#####.######.# #...
.#)#..........().#.# #.# #...
.#...........###@#.# #.## ###.
.########'######.#.# #... .
...............#.#)# #..# #
########(......#.# #..#
#.......#.# #..# ##.......#.#
######..# #........#.#
........######
#........'.#########.......
#........##.....h..........


There were no monsters in sight!

Vanquished Creatures
  Prince Ribbit (D:5)
  A hippogriff (D:7)
  A spriggan (D:8)
  A black bear (D:8)
  A phantom (D:5)
  2 sky beasts
  3 ogres
  4 centaurs
  A gnoll sergeant (D:6)
  2 bullfrogs
  2 scorpions
  5 howler monkeys
  2 crimson imps
  3 jellies
  3 hounds
  2 bullfrog skeletons (D:6)
  6 worker ants
  A hound zombie (D:5)
  A hound skeleton (D:4)
  Robin (D:3)
  5 gnolls (D:6)
  11 adders
  2 shadow imps (D:6)
  2 oozes
  An adder skeleton (D:8)
  8 worms
  2 dart slugs
  3 leopard geckos
  11 orcs
  10 bats
  4 giant cockroaches
  25 goblins
  9 hobgoblins
  5 jackals
  9 kobolds
  3 quokkas
  2 ball pythons (D:2)
  3 frilled lizards
  A jackal skeleton (D:5)
  A jackal zombie (D:5)
  3 leopard gecko skeletons
  10 rats
173 creatures vanquished.

Notes
Turn   | Place    | Note
-------+----------+-------------------------------------------
     0 | D:1      | tilp the Merfolk Ice Elementalist began the quest for the Orb.
     0 | D:1      | Reached XP level 1. HP: 13/13 MP: 3/3
   208 | D:1      | Reached XP level 2. HP: 19/19 MP: 0/5
   594 | D:1      | Reached XP level 3. HP: 24/24 MP: 4/6
   598 | D:1      | Learned a level 2 spell: Throw Frost
   602 | D:1      | Learned a level 3 spell: Ozocubu's Armour
  1198 | D:2      | Reached skill level 5 in Ice Magic
  1311 | D:2      | Reached XP level 4. HP: 25/30 MP: 4/7
  1943 | D:2      | Found a shimmering altar of Xom.
  2129 | D:2      | Reached XP level 5. HP: 35/35 MP: 3/8
  2198 | D:3      | Noticed Ijyb
  2347 | D:3      | Reached skill level 1 in Fighting
  2476 | D:3      | Found a faded altar of an unknown god.
  2562 | D:3      | Noticed Robin
  2616 | D:3      | Reached skill level 1 in Polearms
  2622 | D:3      | Killed Robin
  2709 | D:3      | Noticed Sigmund
  3032 | D:3      | Reached skill level 2 in Polearms
  3320 | D:4      | Reached XP level 6. HP: 44/44 MP: 0/9
  3407 | D:4      | Found a shadowy altar of Dithmenos.
  3506 | D:4      | Found a bloodstained altar of Trog.
  3551 | D:4      | Reached skill level 3 in Polearms
  3563 | D:4      | Noticed Duvessa
  3713 | D:4      | Found a blossoming altar of Fedhas.
  3770 | D:5      | Entered Level 5 of the Dungeon
  4016 | D:5      | Reached skill level 4 in Polearms
  4042 | D:5      | Found a staircase to the Ecumenical Temple.
  4052 | Temple   | Entered the Ecumenical Temple
  4058 | Temple   | Became a worshipper of Makhleb the Destroyer
  4124 | D:5      | Reached XP level 7. HP: 49/51 MP: 6/10
  4169 | D:5      | Reached skill level 5 in Polearms
  4336 | D:5      | Found a large runed door.
  4336 | D:5      | Found a large runed door.
  4386 | D:5      | Noticed Prince Ribbit
  4590 | D:5      | Killed Prince Ribbit
  4590 | D:5      | Reached skill level 6 in Polearms
  4590 | D:5      | Reached skill level 5 in Dodging
  4903 | D:5      | Found a large runed door.
  4903 | D:5      | Found a large runed door.
  4951 | D:5      | Reached skill level 7 in Polearms
  4951 | D:5      | Reached XP level 8. HP: 39/60 MP: 9/11
  5729 | D:6      | Reached skill level 8 in Polearms
  5969 | D:6      | Reached skill level 9 in Polearms
  6295 | D:6      | Reached skill level 10 in Polearms
  6363 | D:6      | Reached * piety under Makhleb
  6787 | D:5      | Reached skill level 11 in Polearms
  6912 | D:6      | Found a hazy altar of Hepliaklqana.
  6999 | D:7      | Noticed a hippogriff
  7192 | D:7      | Killed a hippogriff
  7192 | D:7      | Reached skill level 1 in Conjurations
  7192 | D:7      | Reached skill level 1 in Charms
  7192 | D:7      | Reached XP level 9. HP: 57/65 MP: 0/12
  7254 | D:7      | Noticed Harold
  8068 | D:8      | Noticed Psyche
  8091 | D:8      | Reached skill level 12 in Polearms
  8475 | D:8      | Noticed a five-headed hydra
  8509 | D:8      | Noticed Joseph
  8574 | D:8      | Slain by Joseph

Vault maps used:
D:1:      minmay_arrival_shoal_huts
D:2:      kennysheep_the_goblin_king, xom_teletrap_fun, first_ration
D:3:      chequers_ecumenical_altar_twisty, st_stairs_5, minmay_misc_feat_five,
          uniq_robin, uniq_ijyb, uniq_sigmund
D:4:      bloody_trog, nicolae_dithmenos_shadow_blocks, fedhas_altar_4,
          uniq_duvessa
D:5:      minmay_temple_entry_grid, minmay_hollow_rounded_squares,
          uniq_menkaure, uniq_prince_ribbit1
D:6:      nicolae_overflow_hidden_temple
D:7:      uniq_harold
D:8:      kennysheep_mini, lemuel_coloured_pillars_altar, the_bakery,
          minmay_misc_feat_diagonals, uniq_psyche, uniq_joseph
Temple:   eino_narrow_crystal_temple

Skill      XL: |  1  2  3  4  5  6  7  8  9 |
---------------+----------------------------+-----
Ice Magic      | 4 5 6 |  6.0
Dodging        | 3 4 5 6 |  6.0
Fighting       | 1 2 3 4 |  4.0
Polearms       | 2 4 7 11 12 | 12.9
Conjurations   | 1 2 |  2.0
Charms         | 1 3 |  3.2
Spellcasting   | 3 |  3.5
Stealth        | |  2.1

Action                   |  1- 3 |  4- 6 |  7- 9 || total
-------------------------+-------+-------+-------++-------
Melee: Dagger            |    17 |   221 |   197 ||   435
       Unarmed           |     1 |       |       ||     1
       Spear             |       |       |   184 ||   184
Throw: Tomahawk          |       |       |     5 ||     5
 Cast: Freeze            |    42 |    40 |    60 ||   142
       Throw Frost       |     2 |     4 |    11 ||    17
       Ozocubu's Armour  |       |     5 |    21 ||    26
  Use: Scroll            |       |     4 |     5 ||     9
       Potion            |       |       |     3 ||     3
 Stab: Sleeping          |     6 |     9 |     4 ||    19
  Eat: Chunk             |     2 |    11 |    12 ||    25
       Ration            |       |       |     2 ||     2
Armor: Robe              |    11 |    79 |    94 ||   184
Dodge: Dodged            |    41 |   154 |   239 ||   434

Table legend:
 A = Non-vault XP
 B = Vault XP
 C = Vault XP percentage of total XP
 D = Non-vault monster count
 E = Vault monster count
 F = Vault count percentage of total count
 G = Total turns spent on level
                 A         B        C        D         E       F
            +---------+---------+-------+---------+---------+-------
      Total |    3224 |     756 |  19.0 |     143 |      30 |  17.3
            +---------+---------+-------+---------+---------+-------
        D:1 |      52 |       0 |   0.0 |      26 |       0 |   0.0
        D:2 |     101 |      14 |  12.2 |      31 |       7 |  18.4
        D:3 |      73 |      43 |  37.1 |      17 |      14 |  45.2
        D:4 |      80 |       0 |   0.0 |       8 |       0 |   0.0
        D:5 |     537 |     475 |  46.9 |      17 |       8 |  32.0
        D:6 |     902 |       0 |   0.0 |      24 |       0 |   0.0
        D:7 |     693 |       0 |   0.0 |      11 |       0 |   0.0
        D:8 |     786 |     224 |  22.2 |       9 |       1 |  10.0
            +---------+---------+-------+---------+---------+-------
